 Dungeon Crawl Stone Soup version 0.19.1 (webtiles) character file.

100 ChaseSP the Shield-Bearer (level 5, -6/41 HPs)
             Began as a Formicid Fighter on Dec 3, 2016.
             Mangled by an ogre
             ... wielding a +0 giant club
              (24 damage)
             ... on level 3 of the Dungeon.
             The game lasted 00:03:30 (1963 turns).

ChaseSP the Shield-Bearer (Formicid Fighter)        Turns: 1963, Time: 00:03:32

Health: -6/41      AC:  9    Str: 21    XL:     5   Next: 3%
Magic:  5/5        EV:  8    Int:  8    God:
Gold:   60         SH:  9    Dex: 10    Spells: 0 memorised, 4 levels left

rFire  . . .     SeeInvis +     a - +0 war axe
rCold  . . .     Gourm    .     b - +0 scale mail
rNeg   . . .     Faith    .     c - +0 shield
rPois  .         Spirit   .     (helmet unavailable)
rElec  .         Reflect  .     s - +0 cloak
rCorr  +         Harm     .     h - +0 pair of gloves
MR     .....                    (no boots)
Stlth  ..........               (no amulet)
                                (no ring)
                                n - ring of resist corrosion

@: no status effects
A: permanent stasis, dig shafts and tunnels, four strong arms, antennae 3
a: Dig, Shaft Self


You were on level 3 of the Dungeon.
You were not hungry.

You visited 1 branch of the dungeon, and saw 3 of its levels.

You collected 60 gold pieces.

Inventory:

Hand Weapons
 a - a +0 war axe (weapon)
Missiles
 r - 40 bolts
Armour
 b - a +0 scale mail (worn)
 c - a +0 shield (worn)
 h - a +0 pair of gloves (worn)
 s - a +0 cloak (worn)
Jewellery
 n - a ring of resist corrosion (left hand)
Scrolls
 e - a scroll of random uselessness {unknown}
 g - 3 scrolls of remove curse {unknown}
 j - 3 scrolls of amnesia {unknown}
 l - a scroll of recharging {unknown}
 o - a scroll of noise {unknown}
 p - a scroll of identify {unknown}
Potions
 d - 2 potions of might
 i - 2 potions of curing {unknown}
 k - a potion of invisibility {unknown}
 m - a potion of magic {unknown}
 q - 2 potions of brilliance {unknown}
Comestibles
 f - 4 bread rations
 t - a meat ration
 u - a chunk of flesh


   Skills:
 - Level 3.2 Fighting
 * Level 4.0 Axes
 - Level 3.2 Armour
 + Level 4.8 Shields


You had 4 spell levels left.
You didn't know any spells.

Dungeon Overview and Level Annotations

Branches:
Dungeon (3/15)

Altars:


Innate Abilities, Weirdness & Mutations

You are under a permanent stasis effect.
You can dig through walls and to a lower floor.
Your four strong arms can wield two-handed weapons with a shield.
You have a pair of large antennae on your head. (SInv)


Message History

You slash the ogre!
The ogre is severely wounded.
The ogre barely misses you.
You hit the ogre.
The ogre is severely wounded.
The ogre hits you with a giant club!
* * * LOW HITPOINT WARNING * * *
Unknown command.
You barely miss the ogre.
The ogre is severely wounded.
You block the ogre's attack.
Unknown command.
You hit the ogre.
The ogre is almost dead.
You block the ogre's attack.
You completely miss the ogre.
The ogre is almost dead.
The ogre hits you with a giant club!!
Ouch! That really hurt!
You die...

####...<<).....
#.....(.####.....
#.....(..## #?#
#....)....# #.#
..........# #.#
#.........# #.#
##.......## #.# #
........#.#####.####....
###.>..###...)..@O.....#
#.###.#.#####.########
#. ##.## #... #. ###
####.# .. # #


You could see an ogre.

Vanquished Creatures
  Crazy Yiuf (D:2)
  2 adders
  A worm (D:2)
  A dart slug (D:1)
  2 leopard geckos (D:2)
  5 bats
  3 giant cockroaches
  3 goblins
  4 hobgoblins
  3 jackals (D:2)
  A quokka (D:2)
  A ball python (D:2)
  10 kobolds
  7 rats
44 creatures vanquished.

Notes
Turn   | Place    | Note
-------+----------+-------------------------------------------
     0 | D:1      | ChaseSP the Formicid Fighter began the quest for the Orb.
     0 | D:1      | Reached XP level 1. HP: 18/18 MP: 1/1
    88 | D:1      | Reached XP level 2. HP: 24/24 MP: 2/2
   467 | D:2      | Found a runed door.
   535 | D:2      | Reached XP level 3. HP: 29/29 MP: 3/3
  1302 | D:2      | Reached XP level 4. HP: 35/35 MP: 4/4
  1650 | D:2      | Noticed Crazy Yiuf
  1661 | D:2      | Killed Crazy Yiuf
  1760 | D:3      | Reached XP level 5. HP: 15/41 MP: 5/5
  1952 | D:3      | Noticed an ogre
  1963 | D:3      | Mangled by an ogre

Skill      XL: |  1  2  3  4  5 |
---------------+----------------+-----
Shields        | 4 |  4.8
Axes           | 3 4 |  4.0
Fighting       | |  3.2
Armour         | |  3.2

Action                   |  1- 3 |  4- 6 || total
-------------------------+-------+-------++-------
Melee: War axe           |   102 |    50 ||   152
  Eat: Chunk             |     1 |     3 ||     4
Armor: Scale mail        |    40 |    23 ||    63
Dodge: Dodged            |    34 |    23 ||    57
Block: Shield            |    50 |    36 ||    86
